 Dungeon Crawl Stone Soup version 0.19-a0-722-g27ac516 (webtiles) character file.

7760 Gorice the Severer (level 11, -2/84 HPs)
             Began as a Hill Orc Abyssal Knight on June 21, 2016.
             Was an Elder of Lugonu.
             Slain by a komodo dragon (9 damage)
             ... on level 10 of the Dungeon.
             The game lasted 00:31:34 (8981 turns).

Gorice the Severer (Hill Orc Abyssal Knight)        Turns: 8981, Time: 00:31:35

Health: -2/84      AC: 18    Str: 18    XL:     11   Next: 20%
Magic:  13/13      EV:  8    Int: 12    God:    Lugonu [****..]
Gold:   443        SH:  3    Dex: 11    Spells: 0 memorised, 10 levels left

rFire  + . .     SeeInvis .     a - +0 broad axe
rCold  . . .     Gourm    .     V - +2 chain mail {rF+}
rNeg   . . .     Faith    .     (no shield)
rPois  .         Spirit   .     T - +0 helmet
rElec  .         Dismiss  .     p - +0 cloak
rCorr  .         Reflect  +     (no gloves)
SustAt .         Harm     .     h - +1 pair of boots
MR     .....                    G - +3 amulet of reflection
Stlth  ..........               (no ring)
                                (no ring)

@: lethally poisoned (-2 -> -3), not resistant to hostile enchantments,
extremely unstealthy
A: no striking features
a: Depart the Abyss, Bend Space, Banish, Corrupt, Renounce Religion


You were on level 10 of the Dungeon.
You worshipped Lugonu.
Lugonu was greatly pleased with you.
You were hungry.

You visited 2 branches of the dungeon, and saw 11 of its levels.
You visited the Abyss 1 time.

You collected 527 gold pieces.
You spent 84 gold pieces at shops.

Inventory:

Hand Weapons
 a - a +0 broad axe (weapon)
 b - a +0 hunting sling
 v - a +2 dagger of venom
   (You took it off a goblin on level 3 of the Dungeon)
 w - a +2 hand axe
 O - a +0 hand crossbow
Missiles
 e - 4 tomahawks (quivered)
 l - 4 javelins
 q - 73 bolts
 M - 31 sling bullets
Armour
 h - a +1 pair of boots (worn)
 n - a +0 plate armour
 p - a +0 cloak (worn)
 A - the +1 ring mail of Kampefry {rPois Dex+2}
   (You found it on level 4 of the Dungeon)

   It affects your dexterity (+2).
   It protects you from poison.
 T - a +0 helmet (worn)
 V - a +2 chain mail of fire resistance (worn)
   (You took it off an orc on level 8 of the Dungeon)
Magical Staves
 z - an uncursed staff of poison
Jewellery
 m - an uncursed amulet of harm
 u - an uncursed amulet of faith {!P}
 G - a +3 amulet of reflection (around neck)
Wands
 I - a wand of iceblast (4/15)
 L - a wand of slowing (25/48)
 P - a wand of lightning (4/15)
 U - a wand of lightning (6/15)
 W - a wand of teleportation (4/9) {!d}
Scrolls
 t - 3 scrolls of teleportation {!r}
 F - a scroll of amnesia
 H - a scroll of recharging
 N - 3 scrolls of fog
 Q - a scroll of enchant armour
 R - a scroll of enchant weapon
Potions
 f - 5 potions of heal wounds {!q}
 i - 3 potions of curing
 o - 2 potions of brilliance {!q}
 r - a potion of ambrosia
 s - 3 potions of invisibility {!q}
 x - a potion of resistance {!q}
 C - 2 potions of agility {!q}
 J - 2 potions of flight
 K - a potion of berserk rage
 X - a potion of lignification {!q}
 Y - a potion of might {!q}
Books
 y - a book of Power
 D - Sif Muna's Grimoire of Translocation
   (You found it on level 3 of the Dungeon)

   Spells                             Type                      Level
   a - Apportation                    Translocation                1
 E - a book of Unlife
Miscellaneous
 j - a disc of storms
Comestibles
 c - 6 bread rations {!e}
 d - 3 beef jerkies
 g - 5 meat rations {!e}
 k - 3 royal jellies
 B - 4 fruits


   Skills:
 * Level 4.1 Fighting
 - Level 18.6 Axes
 * Level 9.0 Armour
 - Level 0.7 Dodging
 + Level 2.8 Invocations


You had 10 spell levels left.
You didn't know any spells.

Dungeon Overview and Level Annotations

Branches:
Dungeon (10/15)            Temple (1/1) D:5
   Lair: D:8-11         Orc: D:9-12

Altars:
Ashenzari
Cheibriados
Dithmenos
Elyvilon
Fedhas
Gozag
Hepliaklqana
Kikubaaqudgha
Makhleb
Nemelex Xobeh
Okawaru
Pakellas
Qazlal
Ru
Sif Muna
Trog
Uskayaw
Vehumet
Xom
Yredelemnul
Zin
The Shining One

Shops:
D:6 ?

Annotations:
D:8 vpUX: ?ID behind Zin grate


Message History

Damage: 11 (max 11) Unknown command.
You see here a yak corpse.
You see here a killer bee corpse.
You slash the yak!
The yak is heavily wounded.
The yak gores you but does no damage.
You hit the yak but do no damage.
The yak is heavily wounded.
You slash the yak!
The yak is severely wounded.
The yak gores you!
* * * LOW HITPOINT WARNING * * *
Damage: 7 (max 11)
You slash the yak!
The yak is almost dead.
The yak gores you but does no damage.
You hit the yak.
You kill the yak!
Lugonu accepts your kill.
The killer bee stings you but does no damage.
You barely miss the killer bee.
The killer bee stings you but does no damage.
Evoke which item? (* to show all) (? for menu, Esc to quit)
Zapping:
L - a wand of slowing (will waste charges)
Press: ? - help, Shift-Dir - straight line, f - killer bee
Aim: a killer bee (chance to defeat MR: 61%)
The killer bee seems to slow down.
Evoking this partially-identified wand wasted a few charges.
You block the killer bee's attack.
The killer bee stings you but does no damage.
The killer bee barely misses you.
There is a stone staircase leading down here.
The killer bee stings you.
* * * LOW HITPOINT WARNING * * *
You are poisoned.
The killer bee poisons you!
You climb downwards.
A komodo dragon and a two-headed ogre come into view.
You feel sick.
The two-headed ogre shouts in stereo!
The komodo dragon hisses angrily.
There is a stone staircase leading up here.
Damage: 7 (max 11) Unknown command.
The komodo dragon bites you but does no damage.
The killer bee stings you!
* * * LOW HITPOINT WARNING * * *
Damage: 7 (max 11)
You feel sick. The komodo dragon bites you!
You die...

##########
#........#
#........#
#..O.....+
#..<.....#
#.ly.....#
#..@.....#
##+#######


You could see a komodo dragon, a two-headed ogre and a killer bee.

Vanquished Creatures
  Erica (D:8)
  Pikel (D:3)
  4 yaks (D:9)
  2 orc warriors
  Duvessa (D:5)
  2 slaves (D:3)
  4 ice beasts
  2 ogres (D:8)
  A centaur (D:7)
  A big kobold (D:8)
  2 giant frogs
  Dowan (D:5)
  5 killer bees
  2 scorpions
  9 crimson imps
  2 jellies
  2 hounds
  3 orc priests
  3 giant frog skeletons
  An iguana (D:8)
  5 worker ants
  4 orc wizards
  A worker ant zombie (D:8)
  7 adders
  3 shadow imps
  3 white imps (D:7)
  An adder skeleton (D:9)
  2 worms
  4 dart slugs
  2 giant geckos
  24 orcs
  12 bats
  5 giant cockroaches
  12 goblins
  9 hobgoblins
  13 jackals
  4 quokkas
  2 giant gecko zombies
  5 giant newts
  12 kobolds
  6 rats
185 creatures vanquished.

Vanquished Creatures (others)
  A slave (D:4)
1 creature vanquished.

Grand Total: 186 creatures vanquished

Notes
Turn   | Place    | Note
--------------------------------------------------------------
     0 | Abyss:1  | Gorice the Hill Orc Abyssal Knight began the quest for the Orb.
     0 | Abyss:1  | Reached XP level 1. HP: 19/19 MP: 2/2
    23 | Abyss:1  | Found a corrupted altar of Lugonu.
    61 | D:1      | Escaped the Abyss
   157 | D:1      | Reached skill level 3 in Axes
   306 | D:1      | Reached XP level 2. HP: 14/26 MP: 3/3
   373 | D:1      | Reached skill level 4 in Axes
   651 | D:1      | Reached XP level 3. HP: 25/31 MP: 4/4
   720 | D:2      | Reached ** piety under Lugonu
   844 | D:2      | Reached skill level 5 in Axes
  1054 | D:2      | Reached XP level 4. HP: 34/39 MP: 5/5
  1511 | D:2      | Reached skill level 6 in Axes
  2082 | D:3      | Found a hide-covered altar of Uskayaw.
  2096 | D:3      | Found a faded altar of an unknown god.
  2345 | D:3      | Reached XP level 5. HP: 16/45 MP: 6/6
  2347 | D:3      | HP: 13/45 [poisoned by an adder]
  2353 | D:3      | HP: 11/45 [poisoned by an adder]
  2361 | D:3      | HP: 10/45 [poisoned by an adder]
  2369 | D:3      | HP: 9/45 [poisoned by an adder]
  2878 | D:3      | Found a deep blue altar of Sif Muna.
  2879 | D:3      | Found an ancient bone altar of Kikubaaqudgha.
  2880 | D:3      | Found a radiant altar of Vehumet.
  2885 | D:3      | Identified Sif Muna's Grimoire of Translocation
  2974 | D:3      | Reached skill level 7 in Axes
  3188 | D:4      | Noticed a slave
  3189 | D:4      | Noticed a slave
  3190 | D:4      | Noticed Pikel
  3194 | D:4      | Noticed a slave
  3195 | D:4      | Noticed a slave
  3216 | D:3      | Killed a slave
  3504 | D:4      | Got a brightly glowing ring mail
  3537 | D:3      | Killed a slave
  3550 | D:3      | Identified the +1 ring mail of Kampefry {rPois Dex+2} (You found it on level 4 of the Dungeon)
  3586 | D:4      | HP: 9/45 [slave[Pikel] (6)]
  3832 | D:4      | Reached XP level 6. HP: 31/51 MP: 7/7
  4062 | D:4      | Reached skill level 8 in Axes
  4062 | D:4      | Reached skill level 3 in Armour
  4144 | D:3      | Killed Pikel
  4144 | D:3      | Reached skill level 9 in Axes
  4144 | D:3      | Reached skill level 4 in Armour
  4144 | D:3      | Reached XP level 7. HP: 54/57 MP: 8/8
  4183 | D:4      | Reached skill level 10 in Axes
  4504 | D:5      | Entered Level 5 of the Dungeon
  4504 | D:5      | Found a sparkling altar of Nemelex Xobeh.
  4595 | D:5      | Found a staircase to the Ecumenical Temple.
  4608 | Temple   | Entered the Ecumenical Temple
  4833 | D:5      | Found a stormy altar of Qazlal.
  4835 | D:5      | Found a blossoming altar of Fedhas.
  4853 | D:5      | Reached skill level 5 in Armour
  4853 | D:5      | Reached XP level 8. HP: 52/64 MP: 9/9
  4906 | D:5      | Noticed Dowan
  4908 | D:5      | Noticed Duvessa
  4999 | D:5      | Reached *** piety under Lugonu
  5475 | D:5      | Killed Duvessa
  5475 | D:5      | Reached skill level 11 in Axes
  5475 | D:5      | Killed Dowan
  5499 | D:5      | Found a glowing golden altar of the Shining One.
  5593 | D:6      | Found Kuosy's Magic Scroll Boutique.
  5596 | D:6      | Bought a scroll of identify for 28 gold pieces
  5596 | D:6      | Bought a scroll of identify for 28 gold pieces
  5596 | D:6      | Bought a scroll of fog for 28 gold pieces
  5714 | D:6      | Found a shadowy altar of Dithmenos.
  5909 | D:6      | Reached skill level 6 in Armour
  6587 | D:7      | Found a white marble altar of Elyvilon.
  6615 | D:7      | Reached skill level 12 in Axes
  6697 | D:7      | Found a shattered altar of Ashenzari.
  6844 | D:7      | Reached XP level 9. HP: 67/70 MP: 10/10
  6997 | D:7      | Reached skill level 7 in Armour
  7225 | D:8      | Reached **** piety under Lugonu
  7273 | D:8      | Noticed Erica
  7292 | D:8      | Killed Erica
  7292 | D:8      | Reached skill level 13 in Axes
  7824 | D:8      | Reached skill level 8 in Armour
  7849 | D:8      | Reached skill level 14 in Axes
  8016 | D:8      | Found a glowing silver altar of Zin.
  8287 | D:8      | Reached XP level 10. HP: 27/77 MP: 11/11
  8290 | D:8      | HP: 23/77 [poisoned by a killer bee]
  8295 | D:8      | HP: 13/77 [killer bee (7)]
  8297 | D:8      | HP: 6/77 [killer bee (6)]
  8790 | D:9      | Reached skill level 18 in Axes
  8790 | D:9      | Reached XP level 11. HP: 74/82 MP: 12/12
  8950 | D:9      | Reached skill level 4 in Fighting
  8950 | D:9      | Reached skill level 9 in Armour
  8958 | D:9      | HP: 24/84 [yak (12)]
  8968 | D:9      | HP: 19/84 [yak (7)]
  8978 | D:9      | HP: 15/84 [killer bee (6)]
  8979 | D:10     | Entered Level 10 of the Dungeon
  8980 | D:10     | HP: 7/84 [killer bee (7)]
  8981 | D:10     | Slain by a komodo dragon

Vault maps used:
D:1:      co_arrival_square_in_a_square_in_a_square
D:3:      grunt_temple_overflow_magic_moments, lemuel_doored_altar,
          ecumenical_altar_1
D:4:      uniq_pikel
D:5:      grunt_temple_overflow_forces_of_nature, lemuel_round_altar,
          basic_altar, first_bread, eino_small_chamber_without_monster,
          uniq_duvessa
D:6:      serial_shops, kennysheep_mini_moat, nicolae_dithmenos_the_darkroom
D:7:      elyvilon_altar_3, evilmike_ruin_ashenzari, minmay_nine_imps
D:8:      zin_scriptorium, uniq_erica
D:10:     dpeg_oklobed_lair, serial_shops,
          nicolae_shop_temple_entry_statues_fountains,
          bh_hangedman_babel_library, uniq_harold, uniq_grum
Temple:   minmay_temple_bridge_abc

Skill      XL: |  1  2  3  4  5  6  7  8  9 10 11 |
---------------+----------------------------------+-----
Axes           | 3 4 5 6 7 9 10 12 14 18 | 18.6
Armour         | 4 5 6 8 9 |  9.0
Fighting       | 4 |  4.1
Dodging        | |  0.7
Invocations    | |  2.8

Action                   |  1- 3 |  4- 6 |  7- 9 | 10-12 || total
-------------------------+-------+-------+-------+-------++-------
Melee: Hand axe          |   101 |   250 |    97 |       ||   448
       Dagger            |       |    13 |       |       ||    13
       Broad axe         |       |       |   256 |    89 ||   345
 Fire: Hunting sling     |     8 |       |     5 |       ||    13
Throw: Javelin           |       |     4 |     1 |     1 ||     6
       Tomahawk          |       |       |    11 |     4 ||    15
Evoke: Wand              |       |     1 |     3 |     1 ||     5
  Use: Scroll            |     5 |     5 |    16 |     2 ||    28
       Potion            |       |       |       |     2 ||     2
  Eat: Chunk             |       |     9 |    13 |     2 ||    24
       Pizza             |       |     1 |       |       ||     1
Armor: Leather armour    |    35 |    26 |       |       ||    61
       Ring mail         |       |    58 |    82 |       ||   140
       Chain mail        |       |    55 |    75 |    51 ||   181
Dodge: Dodged            |    67 |   134 |   158 |    26 ||   385
Block: Other             |       |       |    19 |     8 ||    27
       Reflection        |       |       |     2 |       ||     2

Table legend:
 A = Turns spent in this place as a percentage of turns spent in the entire game.
 B = Non-inter-level travel turns spent in this place as a percentage of non-inter-level travel turns spent in the entire game.
 C = Inter-level travel turns spent in this place as a percentage of turns spent in this place.
 D = Turns resting spent in this place as a percentage of non-inter-level travel turns spent in this place.
 E = Turns spent auto-exploring this place as a percentage of non-inter-level travel turns spent in this place.
 F = Non-inter-level travel turns spent in this place divided by the number of levels of this place that you've seen.
                   A       B       C       D       E      F
               +-------+-------+-------+-------+-------+----------------------
         Total | 100.0 | 100.0 |   0.4 |   1.4 |   6.3 | 259.4
       Dungeon |  97.7 |  97.7 |   0.4 |   1.5 |   6.3 | 304.2
        Temple |   0.2 |   0.2 |  14.3 |   0.0 |  83.3 |   6.0
         Abyss |   2.1 |   2.1 |   0.0 |   0.0 |   0.0 |  65.0
               +-------+-------+-------+-------+-------+----------------------

Vault maps used:
D:1:      co_arrival_square_in_a_square_in_a_square
D:3:      grunt_temple_overflow_magic_moments, lemuel_doored_altar,
          ecumenical_altar_1
D:4:      uniq_pikel
D:5:      grunt_temple_overflow_forces_of_nature, lemuel_round_altar,
          basic_altar, first_bread, eino_small_chamber_without_monster,
          uniq_duvessa
D:6:      serial_shops, kennysheep_mini_moat, nicolae_dithmenos_the_darkroom
D:7:      elyvilon_altar_3, evilmike_ruin_ashenzari, minmay_nine_imps
D:8:      zin_scriptorium, uniq_erica
D:10:     dpeg_oklobed_lair, serial_shops,
          nicolae_shop_temple_entry_statues_fountains,
          bh_hangedman_babel_library, uniq_harold, uniq_grum
Temple:   minmay_temple_bridge_abc
